 Dungeon Sprint DCSS version 0.26-a0-682-g294304f6e8 (webtiles) character file.

Game seed: 16908547864369094425

539151 mhtbhm the Conqueror (level 21, -8/224 HPs)
             Began as a Grey Draconian Berserker on Oct 20, 2020.
             Was the Champion of Trog.
             Mangled by Ereshkigal (14 damage)
             ... while paralysed by Ereshkigal
             ... in the Dungeon (Sprint IX: "|||||||||||||||||||||||||||||") on Oct 21, 2020.
             The game lasted 00:33:01 (13006 turns).

mhtbhm the Conqueror (Grey Draconian Berserker)    Turns: 13006, Time: 00:33:02

Health: -8/224     AC: 25    Str: 35    XL:     21   Next: 84%
Magic:  27/27      EV:  2    Int:  9    God:    Trog [******]
Gold:   405        SH:  0    Dex: 11    Spells: 32/32 levels left

rFire    + . .     SeeInvis .   I - +8 demon blade (vorpal)
rCold    . . .     Faith    .   z - +5 kite shield {AC+3}
rNeg     + + +     Spirit   .   (armour unavailable)
rPois    .         Reflect  +   S - +0 hat of Fuottuaxa {Int+3}
rElec    +         Harm     .   m - +2 cloak {rCorr}
rCorr    +         Rampage  .   k - +0 pair of gloves
MR       +....     NoTele   +   l - +1 pair of boots
Stlth    ++++++++..             A - amulet of reflection
HPRegen  0.47/turn              B - +6 ring of strength
MPRegen  0.20/turn              M - ring of Taguto {*Drain rElec rF+ rN+++ Int-2}

@: paralysed
A: walk through water, unfitting armour, antennae 1, low mp 1, unbreathing,
cold-blooded, AC +16
}: 9/17 runes: decaying, serpentine, barnacled, slimy, elven, silver, golden,
abyssal, gossamer
a: Berserk, Trog's Hand, Brothers in Arms, Renounce Religion


You were in the Dungeon.
You worshipped Trog.
Trog was exalted by your worship.
You visited 1 branch You collected 1972 gold pieces.
You spent 1567 gold pieces at shops.

Inventory:

Hand Weapons
 a - the +8 demon blade "Leech" {vamp, *Rage +Rage rN+}
   (You found it in the Dungeon)

   It inflicts no extra harm, but heals its wielder when it wounds a living foe.
   It protects you from negative energy.
   It lets you go berserk.
   It may make you go berserk in combat.
 t - a +4 demon blade of flaming
 H - the +7 eveningstar of Taxation {flame, rPois rF++ MR- Int+4}
   (Trog gifted it to you in the Dungeon)

   It has been specially enchanted to burn those struck by it, causing extra
   injury to most foes and up to half again as much damage against particularly
   susceptible opponents.
   It affects your intelligence (+4).
   It greatly protects you from fire.
   It protects you from poison.
   It affects your resistance to hostile enchantments.
 I - a +8 vorpal demon blade (weapon)
 J - a +1 rapier of speed
Missiles
 n - 7 curare-tipped darts
 F - 14 silver javelins (quivered)
Armour
 k - a +0 pair of gloves (worn)
 l - a +1 pair of boots (worn)
 m - a +2 cloak of preservation (worn)
 z - a +5 kite shield of protection (worn)
 D - a +2 cloak of magic resistance
 S - the +0 hat of Fuottuaxa (worn) {Int+3}
   (You found it in the Dungeon)

   It affects your intelligence (+3).
Jewellery
 A - an amulet of reflection (around neck)
 B - a +6 ring of strength (left hand)
 C - an uncursed ring of poison resistance
 L - an uncursed ring of positive energy
 M - the ring of Taguto (right hand) {*Drain rElec rF+ rN+++ Int-2}
   (You took it off a vault warden in the Dungeon)

   [ring of protection from fire]

   It affects your intelligence (-2).
   It protects you from fire.
   It insulates you from electricity.
   It renders you almost immune to negative energy.
   It causes draining when unequipped.
 R - a +3 ring of slaying
Wands
 j - a wand of acid (26)
Scrolls
 g - 5 scrolls of blinking
 i - 9 scrolls of remove curse
 p - 6 scrolls of fear
 r - 7 scrolls of fog
 K - a scroll of vulnerability {unknown}
Potions
 b - 8 potions of curing
 c - 13 potions of heal wounds
 d - 5 potions of haste
 e - 9 potions of magic
 f - 4 potions of berserk rage
 h - a potion of invisibility
 s - 2 potions of stabbing
 u - a potion of lignification {unknown}
 v - a potion of flight {unknown}
Miscellaneous
 o - a condenser vane (2/2)
 q - the horn of Geryon


   Skills:
 O Level 27 Fighting
 O Level 27 Long Blades
 * Level 26.1 Maces & Flails
 O Level 27 Throwing
 O Level 27 Dodging
 + Level 22.8 Stealth
 O Level 27 Shields
 * Level 25.9 Unarmed Combat
 - Level 6.1 Spellcasting
 O Level 27 Evocations


You had 32 spell levels left.
You didn't know any spells.
Your spell library was empty.

Dungeon Overview and Level Annotations

Branches:
Dungeon (1/1)

Altars:
Cheibriados
Dithmenos
Elyvilon
Fedhas
Gozag
Hepliaklqana
Kikubaaqudgha
Makhleb
Nemelex Xobeh
Okawaru
Qazlal
Ru
Sif Muna
Trog
Uskayaw
Vehumet
Wu Jian
Xom
Yredelemnul
Zin
The Shining One
Beogh
Jiyva
Lugonu

Shops:
D [?=}

Annotations:
D Ereshkigal


Innate Abilities, Weirdness & Mutations

You can walk through water.
Your dull iron-grey scales are very hard. (AC +16)
You cannot fit into any form of body armour.
You can survive without breathing.
You are cold-blooded and may be slowed by cold attacks.
You have a pair of small antennae on your head.
Your magical capacity is low. (-10% MP)


Message History

Unknown command.
Unknown command.
You completely miss Ereshkigal.
Ereshkigal is heavily wounded.
Ereshkigal becomes audible again.
Ereshkigal shouts, "Back with thee whilst thou can!"
Ereshkigal gestures at you.
You suddenly lose the ability to move!
Ereshkigal hits you!! Ereshkigal hits you! Ereshkigal hits you!!
* * * LOW HITPOINT WARNING * * *
Ereshkigal hits you!!
* * * LOW HITPOINT WARNING * * *
Ereshkigal hits you but does no damage. Ereshkigal hits you!!
* * * LOW HITPOINT WARNING * * *
Ereshkigal hits you but does no damage.
Ereshkigal is no longer covered in acid.
Ereshkigal hits you!
You die...

)▓.▓.▓.▓.▓.▓.▓.▓
)▓.▓.▓.▓.▓.▓.▓.▓(▓
.▓.▓.▓.▓)▓.▓.▓.▓§▓
.▓.▓'▓.▓.▓.▓.▓.▓§▓
.▓.▓)▓.▓.▓.▓'▓.▓§▓
)▓.▓.▓.▓.▓.▓)▓.▓.▓
.▓.▓.▓.▓.▓.▓.▓.▓§▓
)▓.▓.▓.▓.▓.▓.▓.▓&▓
[▓.▓.▓.▓.▓.▓.▓.▓@▓
)▓.▓.▓.▓.▓.▓.▓.▓.▓
)▓.▓)▓.▓)▓.▓.▓.▓'▓
)▓.▓)▓.▓'▓.▓.▓.▓.▓
.▓.▓.▓.▓.▓.▓.▓.▓.▓
.▓.▓.▓.▓.▓.▓.▓.▓.▓
.▓.▓)▓.▓)▓.▓'▓.▓.▓
)▓.▓.▓.▓(▓.▓)▓.▓.▓
.▓.▓.▓.▓.▓.▓.▓.▓.▓


You could see Ereshkigal (agile, resistant).

Vanquished Creatures
  the Royal Jelly (D)
  Mnoleg (D)
  Dispater (D)
  2 orbs of fire (D)
  Mara (D)
  A juggernaut (D)
  6 ancient liches (D)
  5 greater mummies (D)
  Boris (D)
  Sojobo (D)
  Margery (D)
  4 golden dragons (D)
  Geryon (D)
  Jory (D)
  Nikola (D)
  An electric golem (D)
  29 Orb Guardians (D)
  3 deep elf blademasters (D)
  4 liches (D)
  9 acid blobs (D)
  8 tentacled monstrosities (D)
  A titan (D)
  2 deep elf master archers (D)
  2 quicksilver dragons (D)
  A death cob (D)
  12 sphinxes (D)
  Agnes (D)
  A tentacled starspawn (D)
  Ilsuiw (D)
  2 tengu reavers (D)
  6 shadow dragons (D)
  6 azure jellies (D)
  3 nagarajas (D)
  3 deep elf sorcerers (D)
  Louise (D)
  4 draconian knights (D)
  2 vault wardens (D)
  2 draconian scorchers (D)
  2 frost giants (D)
  2 emperor scorpions (D)
  5 ghost moths (D)
  A draconian annihilator (D)
  5 very ugly things (D)
  2 ironheart preservers (D)
  An entropy weaver (D)
  2 draconian stormcallers (D)
  A war gargoyle (D)
  6 vampire knights (D)
  3 black draconians (D)
  2 green draconians (D)
  4 stone giants (D)
  Nessos (D)
  A large abomination (D)
  3 yellow draconians (D)
  7 white draconians (D)
  3 purple draconians (D)
  2 deep elf annihilators (D)
  2 red draconians (D)
  3 merfolk javelineers (D)
  3 ettins (D)
  6 death oozes (D)
  A deep elf death mage (D)
  2 yaktaur captains (D)
  Josephine (D)
  6 merfolk impalers (D)
  A mummy priest (D)
  3 fire dragons (D)
  4 great orbs of eyes (D)
  3 deep elf high priests (D)
  6 hydras (D)
  25 vault guards (D)
  2 naga warriors (D)
  4 ice dragons (D)
  4 merfolk avatars (D)
  A boulder beetle (D)
  An alligator (D)
  5 centaur warriors (D)
  3 merfolk aquamancers (D)
  5 ogre magi (D)
  Erica (D)
  A death yak (D)
  2 deep troll shamans (D)
  2 tengu warriors (D)
  A vampire mage (D)
  2 orc high priests (D)
  A shock serpent (D)
  Nergalle (D)
  Sonja (D)
  A thrashing horror (D)
  4 hell knights (D)
  A deep elf knight (D)
  A salamander mystic (D)
  A sea snake (D)
  An unseen horror (D)
  A spriggan druid (D)
  3 glowing orange brains (D)
  8 swamp dragons (D)
  2 naga ritualists (D)
  3 starcursed masses (D)
  A deep elf archer (D)
  4 ironbrand convokers (D)
  3 necromancers (D)
  13 orc knights (D)
  An ugly thing (D)
  A deep elf mage (D)
  5 wolf spiders (D)
  A harpy (shapeshifter) (D)
  An orb spider (D)
  2 manticores (D)
  Maurice (D)
  8 moths of wrath (D)
  2 black mambas (D)
  A black mamba (shapeshifter) (D)
  3 vault sentinels (D)
  7 naga magi (D)
  Joseph (D)
  10 cane toads (D)
  4 yaktaurs (D)
  2 freezing wraiths (D)
  A tengu conjurer (D)
  A polar bear (D)
  6 jumping spiders (D)
  A queen bee (shapeshifter) (D)
  22 guardian mummies (D)
  A wandering mushroom (D)
  2 merfolk (D)
  A tyrant leech (D)
  3 hornets (D)
  A bog body (D)
  3 blink frogs (D)
  A snapping turtle (D)
  A slime creature (D)
  4 redbacks (D)
  A tarantella (D)
  4 wraiths (D)
  2 yaks (D)
  2 ynoxinuls (D)
  11 spriggans (D)
  A neqoxec (D)
  A steam dragon (D)
  A chaos spawn (D)
  A vampire mosquito (D)
  A swamp worm (shapeshifter) (D)
  5 nagas (D)
  5 water moccasins (D)
  A soldier ant (D)
  An acid dragon (D)
  2 floating eyes (D)
  10 orc warriors (D)
  2 swamp drakes (D)
  2 centaurs (D)
  4 bullfrogs (D)
  A wight (D)
  A howler monkey (D)
  A quasit (D)
  2 jellies (D)
  3 orc wizards (D)
  4 orc priests (D)
  An iron imp (D)
  A worker ant (D)
  An adder (D)
  A shadow imp (D)
  A white imp (D)
  2 adder zombies (D)
  2 adder skeletons (D)
  A leopard gecko (D)
  7 orcs (D)
  A bat (D)
  A hobgoblin (D)
  2 quokkas (D)
  A kobold (D)
  A rat (D)
  A crawling corpse (D)
526 creatures vanquished.

Vanquished Creatures (collateral kills)
  A vampire knight (D)
1 creature vanquished.

Grand Total: 527 creatures vanquished

Notes
Turn   | Place    | Note
-------+----------+-------------------------------------------
     0 | D        | mhtbhm the Draconian Berserker began the quest for the Orb.
     0 | D        | Reached XP level 1. HP: 19/19 MP: 1/1
     9 | D        | Reached ** piety under Trog
    67 | D        | Noticed a centaur
    71 | D        | Reached XP level 2. HP: 28/28 MP: 2/2
    79 | D        | Reached *** piety under Trog
    86 | D        | Killed a centaur
    86 | D        | Reached skill level 5 in Dodging
    86 | D        | Reached XP level 3. HP: 37/37 MP: 3/3
    86 | D        | Reached XP level 4. HP: 44/44 MP: 4/4
    94 | D        | Found a roughly hewn altar of Beogh.
    94 | D        | Found a snail-covered altar of Cheibriados.
    94 | D        | Found a shadowy altar of Dithmenos.
    94 | D        | Found a white marble altar of Elyvilon.
    94 | D        | Found a blossoming altar of Fedhas.
    94 | D        | Found an opulent altar of Gozag.
    95 | D        | Found a hazy altar of Hepliaklqana.
    96 | D        | Found a viscous altar of Jiyva.
    97 | D        | Found an ancient bone altar of Kikubaaqudgha.
    98 | D        | Found a corrupted altar of Lugonu.
    99 | D        | Found a burning altar of Makhleb.
   100 | D        | Found a sparkling altar of Nemelex Xobeh.
   101 | D        | Found an iron altar of Okawaru.
   102 | D        | Found a stormy altar of Qazlal.
   103 | D        | Found a sacrificial altar of Ru.
   104 | D        | Found a shimmering blue altar of Sif Muna.
   105 | D        | Found a bloodstained altar of Trog.
   106 | D        | Found a hide-covered altar of Uskayaw.
   107 | D        | Found a radiant altar of Vehumet.
   108 | D        | Found an ornate altar of the Wu Jian Council.
   109 | D        | Found a shimmering altar of Xom.
   110 | D        | Found a basalt altar of Yredelemnul.
   111 | D        | Found a glowing silver altar of Zin.
   112 | D        | Found a glowing golden altar of the Shining One.
   189 | D        | Noticed a water moccasin
   189 | D        | Noticed a soldier ant
   190 | D        | Reached **** piety under Trog
   193 | D        | Killed a soldier ant
   193 | D        | Reached skill level 1 in Stealth
   193 | D        | Reached XP level 5. HP: 52/52 MP: 5/5
   196 | D        | Killed a water moccasin
   196 | D        | Reached XP level 6. HP: 62/62 MP: 6/6
   202 | D        | Reached ***** piety under Trog
   335 | D        | Noticed a tengu conjurer
   335 | D        | Noticed a centaur warrior
   335 | D        | Noticed a wind drake
   335 | D        | Noticed a manticore
   347 | D        | Killed a manticore
   347 | D        | Reached skill level 10 in Fighting
   347 | D        | Your scales start taking on a dull iron-grey colour.
   347 | D        | Reached XP level 7. HP: 30/73 MP: 7/7
   347 | D        | Gained mutation: You can survive without breathing. [Grey
                  | Draconian growth]
   348 | D        | Noticed a harpy
   348 | D        | a wind drake changed into a harpy
   352 | D        | Killed a harpy
   352 | D        | Reached XP level 8. HP: 19/81 MP: 8/8
   354 | D        | Killed a centaur warrior
   356 | D        | Killed a tengu conjurer
   356 | D        | Received a gift from Trog
   356 | D        | Reached skill level 10 in Dodging
   356 | D        | Reached XP level 9. HP: 15/90 MP: 9/9
   704 | D        | Noticed Sonja
   725 | D        | Killed Sonja
   948 | D        | Noticed a black mamba
   948 | D        | Noticed a cane toad
   948 | D        | Noticed a cane toad
   949 | D        | Noticed a cane toad
   953 | D        | Killed a cane toad
   961 | D        | Killed a cane toad
   963 | D        | Reached ****** piety under Trog
   975 | D        | Killed a black mamba
   975 | D        | Reached skill level 15 in Long Blades
   975 | D        | Reached skill level 1 in Evocations
   976 | D        | Killed a cane toad
   976 | D        | Reached XP level 10. HP: 39/101 MP: 10/10
   981 | D        | Reached skill level 5 in Stealth
  1292 | D        | Noticed a death yak
  1292 | D        | Noticed a cane toad
  1294 | D        | Killed a cane toad
  1300 | D        | Noticed a six-headed hydra
  1302 | D        | Killed a death yak
  1304 | D        | Received a gift from Trog
  1323 | D        | Killed an 11-headed hydra
  1651 | D        | Noticed a cane toad
  1651 | D        | Noticed a cane toad
  1651 | D        | Noticed a cane toad
  1651 | D        | Noticed a cane toad
  1651 | D        | Noticed a cane toad
  1660 | D        | Killed a cane toad
  1666 | D        | Killed a cane toad
  1672 | D        | Killed a cane toad
  1672 | D        | Received a gift from Trog
  1673 | D        | Killed a cane toad
  1678 | D        | Killed a cane toad
  1678 | D        | Reached XP level 11. HP: 21/111 MP: 11/11
  1691 | D        | Got a bloodstained long sword {god gift}
  1692 | D        | Identified the +8 long sword of Strategic Superiority
                  | {flame, rC- Str+4 Stlth+} (Trog gifted it to you in the
                  | Dungeon)
  2126 | D        | Noticed Maurice
  2137 | D        | Killed Maurice
  2284 | D        | Noticed Erica
  2290 | D        | Killed Erica
  2290 | D        | Reached skill level 15 in Fighting
  2317 | D        | Noticed an orc high priest
  2322 | D        | Received a gift from Trog
  2324 | D        | Reached skill level 1 in Throwing
  2326 | D        | Killed an orc high priest
  2401 | D        | Noticed an orc knight
  2401 | D        | Noticed an orc knight
  2404 | D        | Received a gift from Trog
  2409 | D        | Killed an orc knight
  2412 | D        | Killed an orc knight
  2420 | D        | Noticed an orc knight
  2429 | D        | Killed an orc knight
  2432 | D        | Noticed an orc high priest
  2441 | D        | Received a gift from Trog
  2450 | D        | Noticed a soul eater
  2453 | D        | Killed an orc high priest
  2453 | D        | Reached skill level 5 in Evocations
  2666 | D        | Found Uriutrea's Gadget Boutique.
  2666 | D        | Noticed an orc knight
  2666 | D        | Noticed an orc knight
  2666 | D        | Noticed an orc knight
  2667 | D        | Noticed an orc knight
  2669 | D        | Noticed an orc knight
  2673 | D        | Noticed an orc knight
  2676 | D        | Killed an orc knight
  2676 | D        | Killed an orc knight
  2676 | D        | Received a gift from Trog
  2676 | D        | Noticed an orc knight
  2677 | D        | Killed an orc knight
  2677 | D        | Killed an orc knight
  2678 | D        | Killed an orc knight
  2695 | D        | Killed an orc knight
  2695 | D        | Reached XP level 12. HP: 43/124 MP: 12/12
  3002 | D        | Found Eghet's Jewellery Shop.
  3014 | D        | Found Oxufiryt's Magic Scroll Boutique.
  3072 | D        | Found Rimihib's Antique Armour Shop.
  3088 | D        | Reached skill level 10 in Stealth
  3091 | D        | Received a gift from Trog
  3312 | D        | Bought a glowing kite shield for 225 gold pieces
  3321 | D        | Bought an uncursed amulet of reflection for 300 gold pieces
  3321 | D        | Bought a +6 ring of strength for 585 gold pieces
  3343 | D        | Bought a wand of acid (11) for 360 gold pieces
  3347 | D        | Bought a scroll of blinking for 97 gold pieces
  3452 | D        | Noticed Joseph
  3463 | D        | Killed Joseph
  3615 | D        | Noticed a great orb of eyes
  3618 | D        | Received a gift from Trog
  3630 | D        | Killed a great orb of eyes
  3633 | D        | Noticed a vampire mage
  3634 | D        | Noticed an ogre mage
  3636 | D        | Noticed a fire dragon
  3646 | D        | Killed an ogre mage
  3647 | D        | Killed a vampire mage
  3647 | D        | Received a gift from Trog
  3647 | D        | Reached skill level 1 in Shields
  3647 | D        | Noticed a red very ugly thing
  3673 | D        | Killed a red very ugly thing
  3819 | D        | Killed a fire dragon
  4087 | D        | Noticed Agnes
  4088 | D        | Noticed Josephine
  4111 | D        | Killed Agnes
  4116 | D        | Killed Josephine
  4360 | D        | Noticed a merfolk javelineer
  4360 | D        | Noticed a merfolk impaler
  4360 | D        | Noticed a merfolk avatar
  4364 | D        | Reached skill level 15 in Dodging
  4364 | D        | Received a gift from Trog
  4366 | D        | Noticed a merfolk aquamancer
  4366 | D        | Killed a merfolk avatar
  4366 | D        | Killed a merfolk impaler
  4366 | D        | Reached XP level 13. HP: 136/136 MP: 13/13
  4367 | D        | Killed a merfolk javelineer
  4367 | D        | Received a gift from Trog
  4693 | D        | Received a gift from Trog
  4700 | D        | Received a gift from Trog
  4700 | D        | Reached skill level 5 in Shields
  4848 | D        | Received a gift from Trog
  5166 | D        | Received a gift from Trog
  5252 | D        | Reached skill level 10 in Evocations
  5254 | D        | Received a gift from Trog
  5400 | D        | Noticed a purple very ugly thing
  5403 | D        | Reached skill level 5 in Throwing
  5404 | D        | Received a gift from Trog
  5405 | D        | Noticed a stone giant
  5406 | D        | Killed a purple very ugly thing
  5407 | D        | Killed a stone giant
  5434 | D        | Reached XP level 14. HP: 149/149 MP: 14/14
  5442 | D        | Noticed a stone giant
  5449 | D        | Killed a stone giant
  5449 | D        | Received a gift from Trog
  5467 | D        | Got a dazzling long sword {god gift}
  5468 | D        | Identified the +7 long sword of Niphufrepi {flame, +Inv
                  | rPois rF+} (Trog gifted it to you in the Dungeon)
  5483 | D        | Noticed a frost giant
  5499 | D        | Killed a frost giant
  5499 | D        | Reached skill level 10 in Shields
  5503 | D        | Received a gift from Trog
  5918 | D        | Received a gift from Trog
  5918 | D        | Reached skill level 10 in Throwing
  5921 | D        | Noticed an entropy weaver
  5929 | D        | Received a gift from Trog
  5932 | D        | Killed an entropy weaver
  5936 | D        | Noticed a red very ugly thing
  5937 | D        | Noticed an ironheart preserver
  5939 | D        | Received a gift from Trog
  5940 | D        | Noticed a red very ugly thing
  5942 | D        | Killed an ironheart preserver
  5942 | D        | Killed a red very ugly thing
  5943 | D        | Noticed a purple very ugly thing
  5947 | D        | Killed a red very ugly thing
  5956 | D        | Killed a purple very ugly thing
  5959 | D        | Received a gift from Trog
  6006 | D        | Got a steaming scimitar {god gift}
  6007 | D        | Identified the +7 scimitar "Vukluh" {flame, rPois Int+4}
                  | (Trog gifted it to you in the Dungeon)
  6121 | D        | Noticed Nessos
  6128 | D        | Killed Nessos
  6188 | D        | Found the +8 demon blade "Leech" {vamp, *Rage +Rage rN+}
  6265 | D        | Noticed Nikola
  6283 | D        | Killed Nikola
  6619 | D        | Noticed Ilsuiw
  6625 | D        | Received a gift from Trog
  6630 | D        | Received a gift from Trog
  6630 | D        | Killed Ilsuiw
  6630 | D        | Reached XP level 15. HP: 154/159 MP: 15/15
  6641 | D        | Received a gift from Trog
  6756 | D        | Got a barnacled rune of Zot
  6861 | D        | Noticed a nagaraja
  6862 | D        | Noticed a nagaraja
  6865 | D        | Received a gift from Trog
  6866 | D        | Killed a nagaraja
  6867 | D        | Killed a nagaraja
  6877 | D        | Noticed a nagaraja
  6885 | D        | Killed a nagaraja
  6885 | D        | Received a gift from Trog
  6911 | D        | Received a gift from Trog
  6928 | D        | Killed a ghost moth
  6944 | D        | Killed a ghost moth
  6944 | D        | Received a gift from Trog
  6954 | D        | Got a serpentine rune of Zot
  6968 | D        | Got a warped eveningstar {god gift}
  6969 | D        | Identified the +7 eveningstar of Taxation {flame, rPois
                  | rF++ MR- Int+4} (Trog gifted it to you in the Dungeon)
  6978 | D        | Got a gossamer rune of Zot
  6985 | D        | Killed a ghost moth
  6986 | D        | Reached skill level 15 in Shields
  6993 | D        | Killed a ghost moth
  7196 | D        | Received a gift from Trog
  7199 | D        | Reached skill level 15 in Throwing
  7231 | D        | Received a gift from Trog
  7242 | D        | Got a decaying rune of Zot
  7294 | D        | Noticed Margery
  7299 | D        | Noticed Jory
  7306 | D        | Received a gift from Trog
  7316 | D        | Killed Margery
  7330 | D        | Killed Jory
  7342 | D        | Received a gift from Trog
  7342 | D        | Reached XP level 16. HP: 172/172 MP: 16/16
  7435 | D        | Received a gift from Trog
  7492 | D        | Received a gift from Trog
  7530 | D        | Received a gift from Trog
  7738 | D        | Noticed a titan
  7739 | D        | Received a gift from Trog
  7747 | D        | Killed a titan
  7747 | D        | Received a gift from Trog
  7801 | D        | Noticed a shadow dragon
  7814 | D        | Noticed a shadow dragon
  7821 | D        | Killed a shadow dragon
  7821 | D        | Received a gift from Trog
  7826 | D        | Killed a shadow dragon
  7886 | D        | Noticed a shadow dragon
  7886 | D        | Noticed an ancient lich
  7886 | D        | Noticed a shadow dragon
  7887 | D        | Noticed an ancient lich
  7890 | D        | Received a gift from Trog
  7891 | D        | Noticed a shadow dragon
  7897 | D        | Killed an ancient lich
  7898 | D        | Identified the ring of Taguto {*Drain rElec rF+ rN+++
                  | Int-2}
  7901 | D        | Killed a shadow dragon
  7922 | D        | Killed an ancient lich
  7922 | D        | Received a gift from Trog
  7932 | D        | Killed a shadow dragon
  7932 | D        | Reached XP level 17. HP: 190/190 MP: 17/17
  7961 | D        | Got a silver rune of Zot
  8080 | D        | Noticed Mara
  8082 | D        | Noticed mhtbhm's illusion
  8090 | D        | Killed Mara
  8090 | D        | Reached skill level 27 in Fighting
  8112 | D        | Noticed Nergalle
  8113 | D        | Noticed Louise
  8123 | D        | Killed Nergalle
  8123 | D        | Received a gift from Trog
  8142 | D        | Killed Louise
  8185 | D        | Noticed Boris
  8195 | D        | Killed Boris
  8364 | D        | Got the ring of the Evening {rPois MR+ Str-5 Stlth+}
  8366 | D        | Got the ring of Qaam {rPois rF- rC+ Str+3 Stlth+}
  8368 | D        | Got the ring "Duuseg" {rPois rCorr Str-4 Dex+4}
  8370 | D        | Got the ring of Minok {Int+5 Dex+4 SInv}
  8394 | D        | Got the +0 hat of Fuottuaxa {Int+3}
  8483 | D        | Noticed Sojobo
  8512 | D        | Killed Sojobo
  8528 | D        | Received a gift from Trog
  8621 | D        | Noticed a juggernaut
  8632 | D        | Killed a juggernaut
  8633 | D        | Reached skill level 27 in Long Blades
  8636 | D        | Received a gift from Trog
  8721 | D        | Noticed a golden dragon
  8726 | D        | Received a gift from Trog
  8726 | D        | Killed a golden dragon
  8767 | D        | Received a gift from Trog
  8884 | D        | Noticed a tentacled monstrosity
  8884 | D        | Noticed a tentacled monstrosity
  8893 | D        | Killed a tentacled monstrosity
  8893 | D        | Killed a tentacled monstrosity
  8893 | D        | Reached XP level 18. HP: 171/200 MP: 18/18
  8896 | D        | Received a gift from Trog
  9269 | D        | Noticed a tentacled monstrosity
  9269 | D        | Noticed a tentacled monstrosity
  9276 | D        | Noticed a tentacled monstrosity
  9278 | D        | Killed a tentacled monstrosity
  9288 | D        | Killed a tentacled monstrosity
  9297 | D        | Killed a tentacled monstrosity
  9297 | D        | Received a gift from Trog
  9368 | D        | Noticed a tentacled monstrosity
  9374 | D        | Received a gift from Trog
  9376 | D        | Killed a tentacled monstrosity
  9386 | D        | Noticed a golden dragon
  9406 | D        | Killed a golden dragon
  9406 | D        | Received a gift from Trog
  9425 | D        | Noticed a tentacled monstrosity
  9433 | D        | Killed a tentacled monstrosity
  9435 | D        | Reached skill level 15 in Evocations
  9435 | D        | Noticed a golden dragon
  9441 | D        | Killed a golden dragon
  9441 | D        | Received a gift from Trog
  9635 | D        | Noticed an Orb Guardian
  9635 | D        | Noticed an Orb Guardian
  9635 | D        | Noticed an Orb Guardian
  9635 | D        | Noticed an Orb Guardian
  9635 | D        | Noticed an Orb Guardian
  9635 | D        | Noticed an Orb Guardian
  9636 | D        | Noticed an Orb Guardian
  9640 | D        | Killed an Orb Guardian
  9657 | D        | Killed an Orb Guardian
  9662 | D        | Killed an Orb Guardian
  9662 | D        | Reached skill level 27 in Shields
  9669 | D        | Killed an Orb Guardian
  9672 | D        | Noticed an Orb Guardian
  9673 | D        | Killed an Orb Guardian
  9675 | D        | Noticed an Orb Guardian
  9679 | D        | Killed an Orb Guardian
  9679 | D        | Received a gift from Trog
  9682 | D        | Killed an Orb Guardian
  9689 | D        | Killed an Orb Guardian
  9696 | D        | Killed an Orb Guardian
  9748 | D        | Noticed an Orb Guardian
  9760 | D        | Killed an Orb Guardian
  9768 | D        | Noticed a tentacled monstrosity
  9768 | D        | Noticed an Orb Guardian
  9768 | D        | Noticed an Orb Guardian
  9769 | D        | Noticed an Orb Guardian
  9770 | D        | Received a gift from Trog
  9771 | D        | Killed an Orb Guardian
  9771 | D        | Killed an Orb Guardian
  9771 | D        | Reached XP level 19. HP: 207/207 MP: 19/19
  9853 | D        | Noticed an ancient lich
  9855 | D        | Killed an ancient lich
  9855 | D        | Received a gift from Trog
  9859 | D        | Noticed an orb of fire
  9860 | D        | Gained mutation: Your magical capacity is low. (-10% MP)
                  | [an orb of fire]
  9862 | D        | Gained mutation: You have a pair of small antennae on your
                  | head. [an orb of fire]
  9866 | D        | Killed an orb of fire
  9954 | D        | Noticed an electric golem
  9970 | D        | Killed an electric golem
 10015 | D        | Noticed a golden dragon
 10015 | D        | Noticed an ancient lich
 10019 | D        | Reached skill level 27 in Throwing
 10020 | D        | Noticed an orb of fire
 10021 | D        | Noticed a Tzitzimitl
 10021 | D        | Reached skill level 27 in Dodging
 10021 | D        | Killed an orb of fire
 10022 | D        | Killed an ancient lich
 10022 | D        | Received a gift from Trog
 10025 | D        | Noticed an ancient lich
 10033 | D        | Killed a golden dragon
 10039 | D        | Noticed an ancient lich
 10053 | D        | Killed an ancient lich
 10072 | D        | Received a gift from Trog
 10073 | D        | Killed an ancient lich
 10095 | D        | Received a gift from Trog
 10202 | D        | Reached XP level 20. HP: 216/216 MP: 18/18
 10223 | D        | Reached skill level 27 in Evocations
 10225 | D        | Received a gift from Trog
 10251 | D        | Reached skill level 5 in Maces & Flails
 10251 | D        | Reached skill level 5 in Unarmed Combat
 10251 | D        | Reached skill level 5 in Spellcasting
 10482 | D        | Received a gift from Trog
 10488 | D        | Reached skill level 10 in Maces & Flails
 10488 | D        | Reached skill level 10 in Unarmed Combat
 10488 | D        | Received a gift from Trog
 10488 | D        | Paralysed by a vampire knight for 3 turns
 10495 | D        | Paralysed by a vampire knight for 6 turns
 10513 | D        | Received a gift from Trog
 10524 | D        | Received a gift from Trog
 10840 | D        | Received a gift from Trog
 10841 | D        | Reached skill level 15 in Maces & Flails
 10841 | D        | Reached skill level 15 in Unarmed Combat
 10863 | D        | Received a gift from Trog
 10889 | D        | Received a gift from Trog
 10915 | D        | Got an elven rune of Zot
 10975 | D        | Noticed the Royal Jelly
 10978 | D        | Received a gift from Trog
 10990 | D        | Killed the Royal Jelly
 11008 | D        | Reached skill level 15 in Stealth
 11016 | D        | Paralysed by a floating eye for 2 turns
 11021 | D        | Paralysed by a floating eye for 3 turns
 11031 | D        | Paralysed by a floating eye for 4 turns
 11036 | D        | Received a gift from Trog
 11037 | D        | Reached XP level 21. HP: 59/224 MP: 27/27
 11350 | D        | Got a slimy rune of Zot
 11359 | D        | Received a gift from Trog
 11504 | D        | Received a gift from Trog
 11515 | D        | Received a gift from Trog
 11536 | D        | Paralysed by a sphinx for 7 turns
 11543 | D        | Received a gift from Trog
 11672 | D        | Received a gift from Trog
 11690 | D        | Got an iridescent scimitar {god gift}
 11691 | D        | Identified the +12 scimitar "Tioklof" {vorpal, rC- Int+4}
                  | (Trog gifted it to you in the Dungeon)
 11873 | D        | Received a gift from Trog
 11887 | D        | Received a gift from Trog
 12162 | D        | Noticed a greater mummy
 12162 | D        | Noticed a greater mummy
 12162 | D        | Noticed a greater mummy
 12165 | D        | Noticed a greater mummy
 12172 | D        | Killed a greater mummy
 12175 | D        | Killed a greater mummy
 12175 | D        | Received a gift from Trog
 12175 | D        | Noticed a greater mummy
 12677 | D        | Killed a greater mummy
 12724 | D        | Killed a greater mummy
 12772 | D        | Killed a greater mummy
 12772 | D        | Received a gift from Trog
 12803 | D        | Got a golden rune of Zot
 12810 | D        | Received a gift from Trog
 12838 | D        | Got an abyssal rune of Zot
 12966 | D        | Noticed Geryon
 12977 | D        | Killed Geryon
 12981 | D        | Noticed Mnoleg
 12981 | D        | Noticed Ereshkigal
 12981 | D        | Identified the +4 staff of Dispater
 12981 | D        | Noticed Dispater
 12991 | D        | Killed Mnoleg
 12998 | D        | Killed Dispater
 12998 | D        | Received a gift from Trog
 13000 | D        | Paralysed by Ereshkigal for 6 turns
 13005 | D        | HP: 5/224 [Ereshkigal (24)]
 13006 | D        | Mangled by Ereshkigal

Illustrated notes

Levels and vault maps discovered:
D:        linesprint [early_d, line_temple, items_1, d_10, items_2, lair_1,
          lair_end, items_3, orc_1, orc_end, items_4, d_15, swamp_1, shoals_1,
          snake_1, spider_1, d_20, vaults_1, items_5, swamp_end, shoals_end,
          snake_end, spider_end, vaults_end, d_27, items_6, zot_1, zot_end,
          crypt_end, forest_end, elf_end, slime_end, tomb_end, abyss_end,
          pan_hell_end]

Skill      XL: |  1  2  3  4  5  6  7  8  9 10 11 12 13 14 15 16 17 18 19 20 21 |
---------------+----------------------------------------------------------------+-----
Dodging        | 3 5 6 7 8 9 10 11 12 14 15 16 17 18 20 22 25 27 | 27.0
Fighting       | 4 6 7 8 10 12 13 14 16 18 20 21 23 26 27 | 27.0
Long Blades    | 4 6 7 9 11 12 13 15 16 17 19 20 22 25 27 | 27.0
Stealth        | 1 2 3 4 6 9 11 12 15 22 | 22.8
Evocations     | 1 3 6 8 10 12 13 14 15 26 27 | 27.0
Throwing       | 1 2 7 13 16 18 24 27 | 27.0
Shields        | 3 9 13 16 19 24 27 | 27.0
Maces & Flails | 21 26 | 26.1
Unarmed Combat | 20 25 | 25.9
Spellcasting   | 6 |  6.1

Action                   |  1- 3 |  4- 6 |  7- 9 | 10-12 | 13-15 | 16-18 | 19-21 || total
-------------------------+-------+-------+-------+-------+-------+-------+-------++-------
Melee: Falchion          |    27 |     3 |       |       |       |       |       ||    30
       Tailslap          |     3 |     5 |     5 |    39 |    44 |    83 |   109 ||   288
       Scimitar          |       |    18 |    35 |   185 |    34 |       |       ||   272
       Long sword        |       |       |       |     7 |    16 |       |       ||    23
       Double sword      |       |       |       |       |    35 |       |       ||    35
       Demon blade       |       |       |       |       |   117 |   440 |   396 ||   953
Throw: Dart              |       |       |       |     3 |     3 |       |       ||     6
       Javelin           |       |       |       |       |    78 |    63 |    75 ||   216
Invok: Berserk           |     1 |     2 |       |     1 |     3 |     2 |     1 ||    10
       Brothers in Arms  |       |       |       |       |       |       |     1 ||     1
Evoke: Wand              |       |     1 |     1 |     6 |     3 |       |       ||    11
       Condenser vane    |       |       |     1 |    13 |    14 |     8 |     1 ||    37
  Use: Potion            |       |       |     1 |     1 |       |       |     7 ||     9
       Scroll            |       |       |       |     1 |       |     1 |     8 ||    10
 Stab: Confused          |       |       |       |     2 |       |       |       ||     2
       Sleeping          |       |       |       |     2 |     4 |     3 |     4 ||    13
       Distracted        |       |       |       |     1 |     1 |     1 |     1 ||     4
Armor: Skin              |     5 |     9 |    18 |    29 |    51 |    42 |    73 ||   227
Dodge: Dodged            |    16 |    12 |    44 |    80 |    52 |    97 |   105 ||   406
Block: Kite shield       |       |       |       |    26 |   131 |   188 |   270 ||   615
       Reflection        |       |       |       |       |    16 |     3 |    11 ||    30
       Rpst.: Falchion   |     8 |       |       |       |       |       |       ||     8
       Scimitar          |       |     3 |    11 |    11 |     1 |       |       ||    26
       Long sword        |       |       |       |     2 |       |       |       ||     2
       Double sword      |       |       |       |       |     2 |       |       ||     2
       Demon blade       |       |       |       |       |     3 |    17 |    17 ||    37

Table legend: (Time is in decaauts) A = Elapsed time spent in this place. B = Non-inter-level travel time spent in this place. C = Inter-level travel time spent in this place. D = Time resting spent in this place. E = Time spent auto-exploring this place. F = Levels seen in this place. G = Mean time per level. A B C D E F G +--------+--------+--------+--------+--------+-----+--------+ Total | 12717 | 12717 | 0 | 7487 | 1222 | 1 | 12717.0 | Dungeon | 12717 | 12717 | 0 | 7487 | 1222 | 1 | 12717.0 | +--------+--------+--------+--------+--------+-----+--------+

Top non-repeatable levels by time:
       D: 12717 daAuts
